AoeStats
← xlalox corona

Lombardia

507854402Analyzed
2v2 RM · 11d ago on Sep 19, 2026· 67m 2s· 4 players
Game mode
Random Map
Map size
Medium (4 player)
Population
200
Speed
Normal
Resources
Standard
Victory
Conquest
Starting age
Dark Age
Ending age
Imperial Age
RankedLock teamsTeams togetherTeam positionsShared explorationLock speedFull tech treeHidden civsTurbo modeCheats
Victory
Defeat
🇲🇽 Khmer · Mexico
1545
+12
🇲🇽 Saracens · Mexico
1545
+12
🇺🇸 Wei · United States
1468
-12
🇫🇷 Franks · France
1461
-12
MaRooK
5:45 Loom
8:27 Feudal Age
9:16 Double-Bit Axe
13:31 Fletching
15:51 Padded Archer Armor
17:48 Gold Mining
19:01 Wheelbarrow
21:35 Castle Age
22:20 Bodkin Arrow
22:51 Bow Saw
23:22 Bloodlines
25:27 Leather Archer Armor
26:26 Horse Collar
27:13 Husbandry
27:57 Town Watch
30:30 Heavy Plow
33:05 Hand Cart
33:42 Town Patrol
37:59 Imperial Age
37:40 Scale Barding Armor
38:40 Bracer
39:42 Chemistry
39:41 Conscription
41:53 Ballistics
41:55 Thumb Ring
42:24 Elite Tiger Cavalry
44:11 Chain Barding Armor
45:02 Ring Archer Armor
44:42 Forging
48:54 Iron Casting
52:09 Parthian Tactics
56:39 Blast Furnace
55:44 Murder Holes
56:00 Masonry
55:59 Tuntian
63:13 Onager
King Mehdi IV
6:25 Loom
8:43 Feudal Age
10:30 Loom
17:56 Double-Bit Axe
22:46 Castle Age
21:42 Forging
24:11 Wheelbarrow
24:31 Scale Barding Armor
28:40 Chain Barding Armor
30:20 Town Watch
32:01 Bow Saw
32:58 Gold Mining
33:49 Stone Mining
38:47 Imperial Age
37:05 Iron Casting
38:47 Husbandry
40:49 Plate Barding Armor
39:46 Cavalier
53:16 Pikeman
53:57 Squires
54:46 Hand Cart
55:17 Halberdier
58:23 Scale Mail Armor
59:32 Chain Mail Armor
62:31 Plate Mail Armor
64:43 Blast Furnace
xlalox corona
6:45 Loom
9:18 Feudal Age
9:51 Double-Bit Axe
14:13 Fletching
16:29 Padded Archer Armor
22:19 Castle Age
23:24 Bow Saw
23:53 Wheelbarrow
22:46 Crossbowman
23:30 Bodkin Arrow
28:15 Ballistics
28:19 Town Watch
30:53 Leather Archer Armor
38:14 Imperial Age
39:05 Bracer
39:24 Forging
40:19 Chemistry
40:02 Caravan
40:31 Arbalester
43:37 Bloodlines
43:27 Husbandry
43:55 Gold Mining
43:57 Stone Mining
44:31 Elite Mameluke
45:59 Iron Casting
45:57 Conscription
46:40 Scale Barding Armor
49:55 Blast Furnace
49:20 Chain Barding Armor
50:39 Fortified Wall
53:57 Plate Barding Armor
54:50 Ring Archer Armor
GAX | ERV
6:13 Loom
8:23 Feudal Age
9:14 Double-Bit Axe
9:40 Horse Collar
18:39 Castle Age
17:13 Scale Barding Armor
17:38 Bloodlines
18:08 Forging
20:08 Chain Barding Armor
24:17 Wheelbarrow
26:37 Husbandry
27:06 Hand Cart
27:07 Town Watch
28:06 Bow Saw
31:08 Gold Mining
34:03 Imperial Age
32:44 Gold Shaft Mining
34:35 Cavalier
35:52 Plate Barding Armor
35:27 Heavy Plow
36:09 Iron Casting
37:34 Light Cavalry
39:17 Blast Furnace
39:21 Hussar
40:34 Crop Rotation
43:13 Fletching
45:55 Conscription
45:32 Bodkin Arrow
46:26 Caravan
50:04 Fortified Wall
50:04 Masonry
51:49 Hoardings
56:43 Elite Ballista Elephant
58:30 Double Crossbow
59:15 Siege Engineers
62:57 Chemistry
62:29 Architecture
64:09 Ballistics
63:51 Bracer
Connection lost

Rejoining the realm…

Still unreachable

The connection could not be restored.

Session expired

The server has moved on; the page needs a fresh start.